cohdb
Replays
Latest Replays
All Replays
Popular Replays
Top Player Replays
Match Explorer
How It Works
Community
CoH3 Stats
Reddit
Sign in to upload your games and track your stats! →
Sign in with Steam
2023最后一晚单拆黑狗帮黑车,北非玩家可以学学怎么打2000elo的美军
Match 16992368
Overview
Messages
Build Orders
End
Construct Section Command Post
Vickers Machine Gun Team
Infantry Section
ML 3-inch Mortar Team
Infantry Section
Construct Platoon Command Post
Selects Indian Artillery Battlegroup
Selects Towed ML 4.2-inch Heavy Mortar
Towed ML 4.2-inch Heavy Mortar
Construct Platoon Command Post
6-pounder Anti-tank Gun Team
Selects Valour
Selects Gurkha Rifles Section
Gurkha Rifles Section
Selects Off-map Airburst Barrage
Off-map Airburst Barrage
Off-map Airburst Barrage
Construct Company Command Post
Matilda II Heavy Tank
Off-map Airburst Barrage
Selects Volunteer Infantry
AI Takeover
Atlantis_164
Rommels Zirkus
屁力火
豪师傅
ForestJun
鲨鱼@
ANDSY
I'm really Newbie
0
0
Comments
sign in to comment!
No comments posted yet!